 Dungeon Crawl Stone Soup version 0.25-a0-51-gc466198 (webtiles) character file.

Game seed: 280031487664892800, levelgen mode: deterministic

453 Krazgok the Cutter (level 7, -1/44 HPs)
             Began as a Kobold Berserker on Oct 24, 2019.
             Was a Believer of Trog.
             Slain by a wight
             ... wielding a cursed +2 dire flail
              (7 damage)
             ... on level 3 of the Dungeon.
             The game lasted 00:08:00 (1883 turns).

Krazgok the Cutter (Kobold Berserker)               Turns: 1883, Time: 00:08:01

Health: -1/44      AC:  6    Str: 17    XL:     7   Next: 26%
Magic:  7/7        EV: 15    Int:  8    God:    Trog [**....]
Gold:   124        SH:  0    Dex: 14    Spells: 6/6 levels left

rFire    . . .     SeeInvis .   i - +1 dagger (drain)
rCold    . . .     Gourm    .   (shield restricted)
rNeg     . . .     Faith    .   t - +0 ring mail
rPois    .         Spirit   .   (no helmet)
rElec    .         Reflect  .   r - +0 cloak
rCorr    .         Harm     .   (no gloves)
MR       .....                  (no boots)
Stlth    +.........             (no amulet)
HPRegen  0.14/turn              (no ring)
MPRegen  0.10/turn              (no ring)

@: berserk cooldown, slowed, lightly drained, very slow
A: small, carnivore
a: Berserk, Trog's Hand, Renounce Religion


You were on level 3 of the Dungeon.
You worshipped Trog.
Trog was pleased with you.
You were very full.

You visited 1 branch of the dungeon, and saw 3 of its levels.

You collected 124 gold pieces.

Inventory:

Hand Weapons
 i - a +1 dagger of draining (weapon)
Missiles
 h - 34 poisoned darts (quivered)
Armour
 r - a +0 cloak (worn)
 t - a +0 ring mail (worn)
Jewellery
 v - a +4 ring of strength {unknown}
Scrolls
 a - a scroll of identify {unknown}
 d - 2 scrolls of teleportation {unknown}
 f - 2 scrolls of enchant weapon {unknown}
 j - a scroll of enchant armour {unknown}
 l - a scroll of fear {unknown}
 p - a scroll of remove curse {unknown}
 s - a scroll of blinking {unknown}
Potions
 b - 2 potions of curing {unknown}
 e - a potion of might {unknown}
 g - a potion of invisibility {unknown}
 m - 2 potions of brilliance {unknown}
 n - a potion of cancellation {unknown}
 o - 2 potions of lignification {unknown}
 q - a potion of mutation {unknown}
 u - a potion of magic {unknown}
Comestibles
 c - 10 rations
 k - 9 chunks of flesh


   Skills:
 + Level 4.8(4.5) Fighting
 + Level 7.1(6.8) Short Blades
 + Level 0.6(0.3) Throwing
 + Level 3.0(2.7) Armour
 + Level 3.9(3.6) Dodging
 + Level 1.7(1.4) Stealth


You had 6 spell levels left.
You didn't know any spells.
Your spell library was empty.

Dungeon Overview and Level Annotations

Branches:
Dungeon (3/15)

Altars:


Innate Abilities, Weirdness & Mutations

You are small and have problems with some larger weapons.
You are carnivorous and can eat meat at any time.


Message History

You are no longer berserk.
You are exhausted.
You feel yourself slow down.
Things that are here:
a +2 scimitar of freezing; a +0 robe
Items here: )) [[ a +0 war axe; a +0 robe; a cursed +0 spear; a +0 robe
Things that are here:
a +5 battleaxe; a +0 robe You hit the wight.
The wight is lightly damaged.
The wight hits you with a cursed +2 dire flail!
* * * LOW HITPOINT WARNING * * *
You completely miss the wight.
The wight is lightly damaged.
The wight misses you.
You hit the wight but do no damage.
The wight is lightly damaged.
The wight hits you with a cursed +2 dire flail!
You die...

#.#...)............))))........
#.#.#######.###################
#.#.##....#.#
#.#.##.#.##.###############
###.#.##.#.##...............#
....#.##.#.################.#
#####.##.........# #.#
#.####.#####.# #.# #####.####.#
#@# #.# ...........# #z#
#.##### #####.###### #)#
#...... #.. ........# #.#####
### ######### #.# ###


You could see a wight.

Vanquished Creatures
  The ghost of cantstopmakingalts the Shooter, an amateur MiHu (D:3)
  4 wights (D:3)
  Jessica (D:2)
  4 gnolls (D:3)
  3 adders
  3 worms
  A dart slug (D:3)
  A leopard gecko (D:1)
  5 orcs (D:3)
  3 bats (D:2)
  7 goblins
  4 hobgoblins
  6 jackals
  A quokka (D:2)
  2 frilled lizards
  4 kobolds
  2 rats (D:3)
52 creatures vanquished.

Notes
Turn   | Place    | Note
-------+----------+-------------------------------------------
     0 | D:1      | Krazgok the Kobold Berserker began the quest for the Orb.
     0 | D:1      | Reached XP level 1. HP: 14/14 MP: 1/1
    86 | D:1      | Reached XP level 2. HP: 7/19 MP: 2/2
   615 | D:2      | Noticed Jessica
   625 | D:2      | Killed Jessica
   625 | D:2      | Reached XP level 3. HP: 24/24 MP: 3/3
   714 | D:2      | Reached XP level 4. HP: 29/29 MP: 4/4
   721 | D:2      | Reached skill level 5 in Short Blades
  1000 | D:2      | You fall into a shaft and drop 1 floor!
  1249 | D:3      | Reached ** piety under Trog
  1314 | D:3      | Found a runed translucent door.
  1314 | D:3      | Noticed cantstopmakingalts's ghost (amateur MiHu)
  1346 | D:3      | Killed cantstopmakingalts's ghost
  1346 | D:3      | Reached skill level 6 in Short Blades
  1346 | D:3      | Reached skill level 1 in Stealth
  1346 | D:3      | Reached XP level 5. HP: 27/33 MP: 5/5
  1346 | D:3      | Reached XP level 6. HP: 32/38 MP: 6/6
  1867 | D:3      | Reached XP level 7. HP: 27/44 MP: 7/7
  1872 | D:3      | Reached skill level 7 in Short Blades
  1883 | D:3      | Slain by a wight

Levels and vault maps discovered:
D:1:      dpeg_arrival_pond, layout_loops_ring
D:2:      layout_loops_ring, first_ration, uniq_jessica
D:3:      layout_basic, hellmonk_ghost_happy_afterlife

Skill      XL: |  1  2  3  4  5  6  7 |
---------------+----------------------+-----
Armour         | 2 3 |  3.0
Short Blades   | 6 7 |  7.1
Fighting       | 4 |  4.8
Dodging        | 3 |  3.9
Stealth        | 1 |  1.7
Throwing       | |  0.6

Action                   |  1- 3 |  4- 6 |  7- 9 || total
-------------------------+-------+-------+-------++-------
Melee: Short sword       |    44 |       |       ||    44
       Dagger            |    26 |   134 |    12 ||   172
Throw: Dart              |     2 |     6 |       ||     8
Invok: Berserk           |       |     3 |       ||     3
 Stab: Distracted        |       |     1 |       ||     1
       Sleeping          |       |     1 |       ||     1
  Eat: Chunk             |     8 |     5 |       ||    13
Armor: Leather armour    |     6 |     6 |       ||    12
       Ring mail         |       |    13 |       ||    13
Dodge: Dodged            |    70 |    71 |     3 ||   144

Table legend:
 A = Non-vault XP
 B = Vault XP
 C = Vault XP percentage of total XP
 D = Non-vault monster count
 E = Vault monster count
 F = Vault count percentage of total count
                 A         B        C        D         E       F
            +---------+---------+-------+---------+---------+-------
      Total |     412 |     236 |  36.4 |      50 |       2 |   3.8
            +---------+---------+-------+---------+---------+-------
        D:1 |      19 |       0 |   0.0 |      10 |       0 |   0.0
        D:2 |      52 |      37 |  41.6 |      13 |       1 |   7.1
        D:3 |     341 |     199 |  36.9 |      27 |       1 |   3.6
            +---------+---------+-------+---------+---------+-------
